AoeStats
← SappYoda

Highland

505739863Analyzed
2v2 RM · 23d ago on Sep 10, 2026· 67m 1s· 4 players
Game mode
Random Map
Map size
Medium (4 player)
Population
200
Speed
Normal
Resources
Standard
Victory
Conquest
Starting age
Dark Age
Ending age
Imperial Age
RankedLock teamsTeams togetherTeam positionsShared explorationLock speedFull tech treeHidden civsTurbo modeCheats
Victory
Defeat
🇪🇸 Mongols · Spain
1027
+17
🇹🇷 Franks · Türkiye
1011
+17
🇪🇸 Mongols · Spain
1050
-17
🇪🇸 Malians · Spain
1041
-17
ME_KA-19
7:16 Loom
10:00 Feudal Age
10:33 Double-Bit Axe
15:41 Wheelbarrow
15:49 Gold Mining
16:13 Fishing Lines
20:49 Castle Age
20:26 Scale Barding Armor
20:32 Forging
22:30 Bow Saw
22:47 Medium Warships
21:58 Demolition Ship
22:58 Gillnets
26:39 Hand Cart
29:39 Husbandry
30:00 Pikeman
30:40 Squires
35:24 Imperial Age
36:11 Cavalier
37:04 Stone Mining
37:49 Gold Shaft Mining
38:45 Iron Casting
38:31 Chain Barding Armor
38:02 Fletching
40:32 Chivalry
40:54 #83
45:06 Chemistry
46:46 Elite Skirmisher
47:56 Paladin
54:22 Caravan
57:47 Plate Barding Armor
58:13 Blast Furnace
57:09 Bodkin Arrow
57:50 Ballistics
63:47 Elite Throwing Axeman
Noxorus
9:43 Loom
11:50 Feudal Age
16:08 Castle Age
15:04 Double-Bit Axe
17:39 Bow Saw
20:01 Horse Collar
20:53 Fletching
21:02 Stone Mining
23:24 Wheelbarrow
23:41 Stone Shaft Mining
24:13 Gold Mining
24:27 Pikeman
26:18 Bodkin Arrow
27:33 Forging
28:23 Scale Mail Armor
28:26 Padded Archer Armor
29:39 Gold Shaft Mining
31:23 Iron Casting
31:04 Chain Mail Armor
34:08 Leather Archer Armor
34:25 Town Watch
35:34 Bloodlines
35:26 Husbandry
36:14 Heavy Plow
40:25 Imperial Age
39:03 Hand Cart
40:30 Scale Barding Armor
41:01 Town Patrol
41:40 Conscription
41:26 Bracer
41:19 Elite Mangudai
43:14 Hoardings
44:06 Drill
44:55 Chemistry
44:16 Ballistics
44:04 Siege Engineers
45:48 Masonry
45:35 Murder Holes
45:39 Heavy Camel Rider
50:24 Thumb Ring
50:46 Parthian Tactics
50:27 Thumb Ring
50:51 Drill
62:08 Capped Ram
63:03 Siege Ram
escipio5
3:40 Loom
11:44 Feudal Age
12:14 Double-Bit Axe
12:17 Horse Collar
13:19 Town Watch
20:13 Castle Age
19:26 Bloodlines
19:10 Fletching
20:24 Gold Mining
22:43 Husbandry
24:29 Bodkin Arrow
26:17 Wheelbarrow
26:49 Thumb Ring
28:07 Ballistics
29:10 Town Patrol
34:46 Imperial Age
32:25 Padded Archer Armor
34:03 Leather Archer Armor
34:27 Stone Mining
35:13 Gold Shaft Mining
35:22 Gold Shaft Mining
35:04 Bow Saw
36:29 Chemistry
36:12 Conscription
35:58 Bracer
38:40 Capped Ram
39:47 Hand Cart
39:20 Light Cavalry
41:53 Siege Ram
42:41 Elite Mangudai
43:42 Drill
45:39 Heavy Camel Rider
47:50 Scale Barding Armor
47:56 Forging
52:25 Chain Barding Armor
52:41 Iron Casting
55:19 Caravan
61:04 Blast Furnace
SappYoda
5:21 Loom
11:42 Feudal Age
15:20 Castle Age
16:17 Scale Barding Armor
16:55 Bloodlines
16:45 Fishing Lines
17:39 Double-Bit Axe
17:35 Horse Collar
20:00 Town Watch
25:33 Husbandry
29:46 Chain Barding Armor
29:36 Forging
31:19 Wheelbarrow
30:55 Bow Saw
30:46 Heavy Plow
31:54 Iron Casting
32:57 Fletching
34:04 Gold Mining
37:09 Imperial Age
34:54 Bodkin Arrow
36:25 Hand Cart
37:16 Cavalier
39:38 Chemistry
38:07 Light Cavalry
39:38 Plate Barding Armor
39:15 Farimba
39:58 Fortified Wall
42:55 Elite Gbeto
43:36 Scale Mail Armor
44:15 Town Patrol
51:38 Gold Shaft Mining
61:50 Padded Archer Armor
65:13 Leather Archer Armor
Connection lost

Rejoining the realm…

Still unreachable

The connection could not be restored.

Session expired

The server has moved on; the page needs a fresh start.